[Event "Late-Titled-Tuesday-Blitz-April-16-2024"]
[Site "Chess.com"]
[Date "2024.04.16"]
[Round "3"]
[White "Akhayan"]
[Black "Respectful_Dave"]
[Result "0-1"]
[WhiteElo "2396"]
[BlackElo "2298"]
[TimeControl "180+1"]
[EndTime "14:28:20 PDT"]
[Termination "Respectful_Dave won by resignation"]

1. e4 c6 2. d4 d5 3. Nc3 dxe4 4. Nxe4 Nf6 5. Nxf6+ exf6 6. c3 Bd6 7. Bd3 O-O 8. Qc2 Re8+ 9. Ne2 h5 10. O-O h4 11.
h3 Nd7 12. Be3 Nf8 13. Rae1 Bd7 14. Qd2 Ng6 15. Bxg6 fxg6 16. Bf4 Bf5 17. Bxd6 Qxd6 18. Qf4 Qxf4 19. Nxf4 g5 20. Nh5 Kf7 21. g4 Bd3 22.
Rxe8 Rxe8 23. Rd1 Be2 24. Rd2 g6 25. Ng3 hxg3 26. fxg3 Bc4 27. b3 Re2 28. Rd1 Bd5 29. c4 Be4 30. a4 Rg2+ 31. Kf1 Rxg3 32. d5 cxd5 33. cxd5 Rd3 34. Rc1 Bxd5 35. b4 Rxh3 36. Rc5 Ke6 37. Rc8 Ra3 38. a5 Ra4 39. Re8+ Kd6 40.
Rd8+ Ke5 41. Re8+ Kf4 42. Rf8 f5 43. gxf5 gxf5 44. Ra8 a6 45. Rd8 Be4 46. Ke1 Ke3 47. Rd1 g4 48. Rc1 Ra3 49. Kf1 f4 50. Kg1 g3 51. b5 axb5 52. a6 bxa6 53. Re1+ Kf3 54.
Rf1+ Kg4 55. Re1 Re3 56. Rc1 f3 57. Ra1 f2+ 58. Kf1 Kf3 0-1

[Event "Late-Titled-Tuesday-Blitz-April-16-2024"]
[Site "Chess.com"]
[Date "2024.04.16"]
[Round "3"]
[White "SchmakAttack"]
[Black "2Coaches1Profile"]
[Result "1-0"]
[WhiteElo "2834"]
[BlackElo "2566"]
[TimeControl "180+1"]
[EndTime "14:28:21 PDT"]
[Termination "SchmakAttack won by resignation"]

1. Nf3 g5 2. Nxg5 e5 3. d4 Be7 4.
Nh3 e4 5. c4 d5 6. cxd5 Bxh3 7.
gxh3 Qxd5 8. Nc3 Qf5 9. Qb3 Nd7 10. Qxb7 Rb8 11. Qxe4 Qa5 12. Rg1 Ngf6 13. Qd3 c5 14. d5 Ne5 15. Qe3 Nc4 16. Qf4 Rb4 17. a3 Ra4 18. Bd2 Nxd5 19. Nxd5 Nxd2 20. Qxd2 Qxd2+ 21. Kxd2 Rd4+ 22. Kc2 Rxd5 23. e3 Bh4 24. f4 Ke7 25. Bc4 Rd6 26. Rg7 Rf6 27. Rd1 Bf2 28. Rd2 Bh4 29. Rd5 h5 30. Rxc5 Rd8 31. Rc7+ Kd6 32.
Rgxf7 Rxf7 33. Rxf7 Rc8 34. Kd3 Bf2 35. Rf6+ Ke7 36. Re6+ Kd7 37. Rh6 Rd8 38. Rxh5 Kc7+ 39. Rd5 Re8 40. Re5 Rh8 41. Be6 Kd6 42. Bg4 Rb8 43. b4 Rf8 44. Ke2 Bh4 45. Ra5 Rf7 46.
Kf3 Bf6 47. Rf5 Bb2 48. Rxf7 1-0

[Event "Late-Titled-Tuesday-Blitz-April-16-2024"]
[Site "Chess.com"]
[Date "2024.04.16"]
[Round "3"]
[White "FontVella8"]
[Black "Orest_Vovk"]
[Result "1-0"]
[WhiteElo "2754"]
[BlackElo "2541"]
[TimeControl "180+1"]
[EndTime "14:28:21 PDT"]
[Termination "FontVella8 won by resignation"]

1. e4 Nc6 2. Nf3 d5 3. exd5 Qxd5 4. Nc3 Qa5 5. Bb5 Bd7 6. d4 O-O-O 7. Bd2 a6 8. Ba4 Qh5 9. d5 Ne5 10. Bxd7+ Rxd7 11.
Nd4 Qxd1+ 12. Rxd1 e6 13. O-O exd5 14. Rfe1 Nc6 15.
Re8+ Rd8 16. Rxd8+ Nxd8 17. Nxd5 Ne7 18. Nxe7+ Bxe7 19.
Bf4 Bf6 20. Kf1 Bxd4 21. Rxd4 Ne6 22. Re4 Nxf4 23. Rxf4 f6 24. Ke2 Re8+ 25. Kd3 Re1 26. Re4 Rxe4 27. Kxe4 Kd7 28. Kd5 c6+ 29. Kc5 Kc7 30.
c4 b6+ 31. Kd4 Kd6 32. c5+ bxc5+ 33. Kc4 f5 34. f4 h6 35. h4 g6 36. g3 a5 37. b3 h5 38. a3 Kd7 39. Kxc5 Kc7 40. a4 Kb7 41. b4 axb4 42. Kxb4 Kb6 43. a5+ Ka6 44. Kc5 Kxa5 45. Kxc6 Kb4 46. Kd5 Kc3 47. Ke5 Kd3 48. Kf6 Ke4 49. Kxg6 Kf3 50. Kxf5 Kxg3 51. Kg5 1-0

[Event "Late-Titled-Tuesday-Blitz-April-16-2024"]
[Site "Chess.com"]
[Date "2024.04.16"]
[Round "3"]
[White "Sanyura"]
[Black "vladislavkovalev"]
[Result "0-1"]
[WhiteElo "2602"]
[BlackElo "2863"]
[TimeControl "180+1"]
[EndTime "14:28:22 PDT"]
[Termination "vladislavkovalev won on time"]

1. e4 e5 2. Nf3 Nc6 3. Bb5 a6 4. Ba4 Nf6 5. O-O Be7 6. Re1 b5 7. Bb3 d6 8. c3 O-O 9. h3 Be6 10. d4 Bxb3 11. Qxb3 Qd7 12. Bg5 h6 13. dxe5 hxg5 14.
exf6 Bxf6 15. Nbd2 g4 16. hxg4 Qxg4 17. Nf1 Rae8 18. a4 Ne5 19. Qd1 Ng6 20. N1h2 Qh5 21. axb5 axb5 22. Nd4 Qc5 23. Ng4 Bg5 24. Nf3 Bd8 25. Qd4 Qh5 26. Ne3 Re6 27. Qd1 Rxe4 28. Nd4 Qc5 29. Qd3 Rfe8 30. Qxb5 Qxb5 31. Nxb5 Nf4 32. Red1 g6 33. Ra7 R4e7 34. g3 Nh3+ 35. Kg2 Nxf2 36. Kxf2 Rxe3 37. Nxc7 Re2+ 38. Kf3 R8e3+ 39. Kf4 Re4+ 40. Kf3 Bg5 41. Nd5 Re5 0-1

[Event "Late-Titled-Tuesday-Blitz-April-16-2024"]
[Site "Chess.com"]
[Date "2024.04.16"]
[Round "3"]
[White "FuenfgegenWilly"]
[Black "Nf3c5"]
[Result "0-1"]
[WhiteElo "2433"]
[BlackElo "2640"]
[TimeControl "180+1"]
[EndTime "14:28:24 PDT"]
[Termination "Nf3c5 won on time"]

1. d4 Nf6 2. c4 g6 3. Nc3 Bg7 4. e4 d6 5. h3 O-O 6. Be3 e5 7. d5 a5 8. g4 Na6 9. Nge2 c6 10. Ng3 cxd5 11. cxd5 Bd7 12. Qd2 a4 13. g5 Ne8 14. h4 Qa5 15. h5 Nec7 16. f3 b5 17. Qh2 Rfc8 18. hxg6 hxg6 19. Qh7+ Kf8 20. Nf5 gxf5 21.
exf5 Ne8 22. f6 Nxf6 23. gxf6 Bxf6 24. Rh6 Bg7 25. Rxd6 Rxc3 26. Bd2 Re3+ 27. Be2 Rxe2+ 28. Kxe2 b4 29. Rg1 Qb5+ 30. Ke1 Ke7 31. Rxd7+ Qxd7 32. Rxg7 Rf8 33. Qh4+ Ke8 34. Qc4 Nc7 35. Bxb4 Rh8 36.
Rg1 Nxd5 37. Qe4 Qe6 38. Bc3 f6 39. Rg6 Kf7 40. Rg1 Rc8 41. Qg6+ Ke7 42. Qg7+ Qf7 43. Qxf7+ Kxf7 44. Kd2 a3 45. bxa3 Rxc3 46. Rb1 Rxa3 47.
Rb7+ Ke6 48. Rb5 Rxa2+ 49. Ke1 Re2+ 50. Kf1 Re3 0-1

[Event "Late-Titled-Tuesday-Blitz-April-16-2024"]
[Site "Chess.com"]
[Date "2024.04.16"]
[Round "3"]
[White "LUISMIGUELOV"]
[Black "FREZZY23"]
[Result "1-0"]
[WhiteElo "2190"]
[BlackElo "2398"]
[TimeControl "180+1"]
[EndTime "14:28:24 PDT"]
[Termination "LUISMIGUELOV won on time"]

1. e4 c5 2. d4 cxd4 3. c3 Nf6 4. e5 Nd5 5. Qxd4 e6 6. Bc4 Nc6 7. Qe4 Nde7 8. f4 Ng6 9. Nf3 Qb6 10. Bb3 Bc5 11.
Nbd2 O-O 12. Nc4 Qc7 13. Be3 f5 14. exf6 Bxe3 15. fxg7 Rxf4 16. Qxe3 d5 17. Ncd2 Nce5 18. O-O Nxf3+ 19. Nxf3 Bd7 20. Rae1 Re4 21. Qf2 Bb5 22. Ng5 Rf4 23. Nxe6 Rxf2 24. Nxc7 Rxf1+ 25. Rxf1 Bxf1 26. Nxa8 Bc4 27. Nc7 Nf4 28. g3 Nh3+ 29. Kg2 Ng5 30. Nxd5 Bxb3 31. axb3 Ne4 32. Kf3 Nd2+ 33. Kf4 Nxb3 34.
Nc7 Kxg7 35. Nb5 a6 36. Nd6 b5 37. Ne8+ Kf7 38. Nc7 Nc5 39. b4 Na4 40. Nxa6 Nxc3 41. Nc7 Ke7 42. g4 Kd6 43. Ne8+ Ke7 44. Ng7 Nd5+ 45. Ke5 Nxb4 46. Kd4 Nc6+ 47. Kc3 Kf6 48. Nf5 1-0

[Event "Late-Titled-Tuesday-Blitz-April-16-2024"]
[Site "Chess.com"]
[Date "2024.04.16"]
[Round "3"]
[White "GMG"]
[Black "divudis17"]
[Result "1/2-1/2"]
[WhiteElo "2823"]
[BlackElo "2567"]
[TimeControl "180+1"]
[EndTime "14:28:25 PDT"]
[Termination "Game drawn by stalemate"]

1. Nf3 Nf6 2. c4 g6 3. g3 Bg7 4. Bg2 O-O 5. d4 d6 6. O-O c5 7.
Nc3 Nc6 8. d5 Na5 9. Nd2 e6 10.
Qc2 exd5 11. cxd5 Bd7 12. b3 b5 13. Bb2 b4 14. Nce4 Bb5 15. Rfe1 Re8 16. Nxf6+ Bxf6 17. Ne4 Bg7 18. Bxg7 Kxg7 19. Qb2+ f6 20. Ng5 Bd7 21.
Ne6+ Bxe6 22. dxe6 Rxe6 23. Bxa8 Qxa8 24. a3 bxa3 25.
Rxa3 Nc6 26. Rd1 Nd4 27. Rxd4 cxd4 28. Qxd4 Re7 29. Ra6 Rd7 30. Rxd6 Rxd6 31. Qxd6 Qe8 32. Qc7+ Kh6 33. Qxa7 g5 34. Qe3 Qc6 35. h4 Kg6 36. hxg5 fxg5 37. f3 h5 38. Qe4+ Qxe4 39. fxe4 Kf6 40. b4 Ke5 41. b5 Kd6 42. Kf2 Kc5 43. Kf3 Kxb5 44. e5 Kc6 45. Ke4 Kd7 46. Kf5 h4 47.
gxh4 gxh4 48. Kg4 Ke6 49. Kxh4 Kxe5 50. Kg3 Ke4 51. Kf2 Kf4 52. e3+ Ke4 53. Ke2 Ke5 54. Kf3 Kf5 55. e4+ Ke5 56. Ke3 Ke6 57. Kf4 Kf6 58. e5+ Ke6 59. Ke4 Ke7 60. Kf5 Kf7 61.
e6+ Ke7 62. Ke5 Ke8 63. Kf6 Kf8 64. e7+ Ke8 65. Ke6 1/2-1/2

[Event "Late-Titled-Tuesday-Blitz-April-16-2024"]
[Site "Chess.com"]
[Date "2024.04.16"]
[Round "3"]
[White "SilverCityIndigo"]
[Black "RebecaJimnz"]
[Result "0-1"]
[WhiteElo "2419"]
[BlackElo "2262"]
[TimeControl "180+1"]
[EndTime "14:28:25 PDT"]
[Termination "RebecaJimnz won by checkmate"]

1. d4 d6 2. c4 g6 3. Nf3 Bg7 4. b3 Nf6 5. Bb2 O-O 6. Nc3 Nbd7 7.
h3 e5 8. e3 e4 9. Nd2 Re8 10.
g4 c6 11. g5 Nh5 12. h4 c5 13. Nb5 Qb6 14. dxc5 dxc5 15. Bxg7 Nxg7 16. Bg2 f5 17.
Nc3 Qe6 18. Nd5 Qc6 19. h5 Nxh5 20. Rxh5 gxh5 21. Qxh5 Qg6 22. Qxg6+ hxg6 23. Nc7 Rd8 24. Nxa8 Ne5 25. Nc7 Nd3+ 26. Ke2 Nxf2 27. Nd5 Ng4 28.
Rh1 Be6 29. Nf6+ Nxf6 30. gxf6 Kf7 31. Rh7+ Kxf6 32. Rxb7 Rh8 33. Rc7 g5 34. Kf2 Rd8 35. Nf1 Rd1 36. Rxc5 Ra1 37. a4 Ra2+ 38. Kg1 Rb2 39. Rb5 a6 40. Rb6 Ke5 41. c5 f4 42.
exf4+ gxf4 43. c6 f3 44. Bh3 Bxh3 45. Ne3 Kf4 46. Nd5+ Kg3 47. Nc3 f2+ 48. Kh1 f1=Q# 0-1

[Event "Late-Titled-Tuesday-Blitz-April-16-2024"]
[Site "Chess.com"]
[Date "2024.04.16"]
[Round "3"]
[White "Zapateado"]
[Black "rionelG"]
[Result "1-0"]
[WhiteElo "2399"]
[BlackElo "2181"]
[TimeControl "180+1"]
[EndTime "14:28:25 PDT"]
[Termination "Zapateado won by resignation"]

1. c4 c5 2. Nc3 Nc6 3. g3 g6 4.
Bg2 Bg7 5. e4 d6 6. Nge2 Nd4 7.
O-O e6 8. d3 Ne7 9. Be3 Nec6 10. a3 O-O 11. Rb1 b6 12. b4 Bb7 13. b5 Ne7 14. f4 Rb8 15. Bf2 f5 16. Nxd4 cxd4 17. Ne2 fxe4 18. Nxd4 Bxd4 19. Bxd4 exd3 20. Qxd3 Bxg2 21.
Kxg2 Nf5 22. Ba1 Qd7 23. Rfe1 Rfe8 24. Rbd1 Rbd8 25. a4 Qc7 26. g4 Ng7 27. Qd4 Re7 28. a5 d5 29. axb6 axb6 30. Qe3 dxc4 31. Rxd8+ Qxd8 32.
Bf6 Qd5+ 33. Kg1 Re8 34. Qxb6 Qd2 35. Qf2 Qd3 36. b6 h5 37. b7 Qd5 38. Qg2 Qxg2+ 39. Kxg2 Rb8 40. Rb1 Rxb7 41. Rxb7 hxg4 42. Rxg7+ Kf8 43.
Rc7 1-0

[Event "Late-Titled-Tuesday-Blitz-April-16-2024"]
[Site "Chess.com"]
[Date "2024.04.16"]
[Round "3"]
[White "Aragon"]
[Black "rajesh1464"]
[Result "0-1"]
[WhiteElo "2058"]
[BlackElo "2352"]
[TimeControl "180+1"]
[EndTime "14:28:25 PDT"]
[Termination "rajesh1464 won by resignation"]

1. e4 c5 2. Nf3 d6 3. d4 cxd4 4. Nxd4 Nf6 5. Nc3 g6 6. Be3 Bg7 7. f3 O-O 8. Qd2 Nc6 9. O-O-O Nxd4 10. Bxd4 Be6 11. Kb1 Qc7 12. Nd5 Bxd5 13. exd5 Rfc8 14. c4 a6 15. h4 b5 16. cxb5 Nxd5 17. Bxg7 Kxg7 18.
h5 Ne3 19. hxg6 hxg6 20. Re1 Qc2+ 21. Qxc2 Nxc2 22. Rc1 Nb4 23. Rxc8 Rxc8 24. bxa6 Ra8 25. a3 Nxa6 26. Bxa6 Rxa6 27. Rc1 d5 28. Ka2 e5 29. b4 f5 30. Kb3 e4 31. b5 Re6 32. f4 d4 33. a4 d3 34. Rd1 e3 35. Kc3 d2 36. a5 e2 37. Kxd2 exd1=Q+ 38. Kxd1 Kf6 39. Kc2 Ke7 40. a6 Kd7 41. Kc3 Kc7 42. Kc4 Kb6 43. Kd5 Re4 0-1

[Event "Late-Titled-Tuesday-Blitz-April-16-2024"]
[Site "Chess.com"]
[Date "2024.04.16"]
[Round "3"]
[White "Vincefm"]
[Black "Glidzhian_Gor"]
[Result "0-1"]
[WhiteElo "2365"]
[BlackElo "2593"]
[TimeControl "180+1"]
[EndTime "14:28:26 PDT"]
[Termination "Glidzhian_Gor won by resignation"]

1. e4 c5 2. Nf3 d6 3. d4 cxd4 4.
Nxd4 Nf6 5. Nc3 Nc6 6. Bg5 Bd7 7.
Qd2 Rc8 8. f3 Nxd4 9. Qxd4 Qa5 10. Bd2 a6 11. Bd3 e5 12. Qf2 Qc5 13. Be3 Qb4 14.
Bd2 Qc5 15. Qxc5 dxc5 16. Bg5 c4 17. Be2 Bb4 18. Bxf6 gxf6 19. O-O-O Bxc3 20. bxc3 Be6 21. Rd6 Ke7 22. Rb6 Rc7 23. Kd2 h5 24. Rhb1 Bc8 25. R1b4 Rg8 26. g3 h4 27. g4 Rd8+ 28. Ke3 Rc5 29. Rxc4 Rxc4 30. Bxc4 Rd1 31. Bd5 Rh1 32. Bxb7 Be6 33. Bd5 Rxh2 34. Rb7+ Kf8 35. Bxe6 fxe6 36. Kd3 Kg8 37. c4 Rf2 38. c5 Rxf3+ 39. Kc4 Rf2 40. c3 Rd2 41. c6 Rd6 42. c7 Rc6+ 43. Kd3 h3 44. Rb2 Rxc7 45. Rh2 Rh7 46. c4 Kf7 47. c5 Kg6 48. c6 Kg5 49. Kc4 Kxg4 50. Kc5 Kg3 51.
Rb2 h2 52. Kd6 h1=Q 0-1

[Event "Late-Titled-Tuesday-Blitz-April-16-2024"]
[Site "Chess.com"]
[Date "2024.04.16"]
[Round "3"]
[White "AradNazari"]
[Black "TigrVShlyape"]
[Result "1-0"]
[WhiteElo "2722"]
[BlackElo "2930"]
[TimeControl "180+1"]
[EndTime "14:28:27 PDT"]
[Termination "AradNazari won on time"]

1. e4 e5 2. f4 exf4 3. Nf3 d5 4. exd5 Nf6 5. Bb5+ Bd7 6. Bxd7+ Qxd7 7. O-O Nxd5 8.
c4 Nb6 9. d4 Be7 10. Ne5 Qd8 11. Rxf4 O-O 12. Nc3 N8d7 13. Nxd7 Qxd7 14. Qd3 c6 15.
Be3 Bg5 16. Re4 f5 17. Re5 Bxe3+ 18. Rxe3 Rad8 19. Rd1 f4 20. Rf3 Qf5 21. b3 Qxd3 22. Rfxd3 Rfe8 23. Kf2 g5 24. d5 cxd5 25. Nxd5 Kf7 26.
Nxf4 Rxd3 27. Nxd3 Nd7 28. Re1 Rd8 29. Kf3 Nf6 30. Rd1 Re8 31. h3 h5 32. Nc5 b6 33.
Nd3 Kg6 34. g4 hxg4+ 35. hxg4 Re4 36. Nf2 Rf4+ 37. Kg3 Ne4+ 38. Nxe4 Rxe4 39. Rd6+ Kf7 40. Rd7+ Ke6 41. Rxa7 Re2 42. Ra6 Ke5 43. Kf3 Rc2 44. Rxb6 Rxa2 45. Rb5+ Kd4 46. Rxg5 Rb2 47. Rb5 1-0

[Event "Late-Titled-Tuesday-Blitz-April-16-2024"]
[Site "Chess.com"]
[Date "2024.04.16"]
[Round "3"]
[White "prochn"]
[Black "HipsterChess22"]
[Result "1-0"]
[WhiteElo "2432"]
[BlackElo "2242"]
[TimeControl "180+1"]
[EndTime "14:28:27 PDT"]
[Termination "prochn won on time"]

1. d4 d5 2. c4 e6 3. Nf3 c6 4. g3 f5 5. Bg2 Bd6 6. O-O Qe7 7. b3 a5 8. a4 Na6 9. Ba3 Nb4 10. Qd2 Nf6 11. c5 Bc7 12. Bxb4 Ne4 13. Qe1 axb4 14. Qxb4 O-O 15. Qa3 g5 16. b4 Qg7 17. Qb2 g4 18.
Ne5 Rf6 19. f3 gxf3 20. exf3 Ng5 21. f4 Ne4 22. Nd2 Rh6 23. Nxe4 fxe4 24. b5 Bxe5 25. fxe5 Bd7 26. Rf4 Rf8 27. Raf1 Rxf4 28. Rxf4 Rg6 29. Qe2 Be8 30. bxc6 Bxc6 31. a5 Qc7 32. Qf1 Qd8 33.
Bh3 Bd7 34. Rf7 Rg7 35. Rf6 Qe7 36. Qf4 Kh8 37. Rf8+ Rg8 38. Rf7 Qe8 39. Qf6+ 1-0

[Event "Late-Titled-Tuesday-Blitz-April-16-2024"]
[Site "Chess.com"]
[Date "2024.04.16"]
[Round "3"]
[White "AlainBruxelles"]
[Black "SCIM"]
[Result "1-0"]
[WhiteElo "2366"]
[BlackElo "2565"]
[TimeControl "180+1"]
[EndTime "14:28:28 PDT"]
[Termination "AlainBruxelles won on time"]

1. e4 d5 2. exd5 Qxd5 3. c4 Qd8 4. d4 Nf6 5. Nc3 c5 6. d5 e6 7. Bg5 exd5 8. Nxd5 Qa5+ 9. Bd2 Qd8 10. Bg5 Be7 11. Nxe7 Qxe7+ 12. Qe2 Be6 13. Nf3 O-O 14. O-O-O Nc6 15. Ne5 Nd4 16. Qd3 Bf5 17. Qe3 Rfe8 18. f4 Ng4 19. Nxg4 Qxe3+ 20. Nxe3 Rxe3 21. h3 Rae8 22. g4 Bc2 23. Rxd4 cxd4 24. Kxc2 Re1 25. f5 Ra1 26.
Bd2 b6 27. Bg2 Rxh1 28. Bxh1 g6 29. fxg6 hxg6 30. Bd5 Re2 31. Kd3 Rh2 32. g5 a5 33.
b3 Rxh3+ 34. Kxd4 Rh2 35. Kd3 Kf8 36. a3 Ke7 37. Be3 Rh3 38. b4 axb4 39. axb4 Kd6 40. Ke4 Rh4+ 41. Bf4+ Ke7 42. c5 bxc5 43. bxc5 f6 44.
gxf6+ Kxf6 45. c6 g5 46. c7 Rxf4+ 47. Kd3 Ke5 48. c8=Q Kxd5 49. Qg8+ Ke5 50. Qxg5+ Rf5 51. Qe7+ Kf4 52. Qh4+ Ke5 53. Ke3 Ke6 54. Qh6+ Ke5 55.
Qh8+ Ke6 56. Ke4 Rf7 57. Qg8 Ke7 58. Ke5 Rf6 59. Qg7+ Rf7 60. Qg5+ Kf8 61. Ke6 1-0

[Event "Late-Titled-Tuesday-Blitz-April-16-2024"]
[Site "Chess.com"]
[Date "2024.04.16"]
[Round "3"]
[White "Kostukov_Alex"]
[Black "MyDream003"]
[Result "1-0"]
[WhiteElo "2322"]
[BlackElo "2787"]
[TimeControl "180+1"]
[EndTime "14:28:29 PDT"]
[Termination "Kostukov_Alex won on time"]

1. g3 d5 2. Bg2 c6 3. d3 Nf6 4. e4 dxe4 5. dxe4 Qxd1+ 6. Kxd1 Be6 7. f3 g6 8. Be3 Nbd7 9. Nd2 Bg7 10. Bh3 Bxh3 11. Nxh3 Ne5 12. Ke2 h5 13. Nf2 Ned7 14.
a4 a6 15. a5 h4 16. g4 h3 17.
Nc4 Rd8 18. Ra3 Nf8 19. Rb3 Ne6 20. Rxb7 Bh6 21. Bb6 Nf4+ 22. Kf1 Ra8 23. Ne5 Bg5 24. Nxc6 Nd7 25. Be3 Rc8 26. Nb4 Ne5 27. Bxf4 Bxf4 28. Ke2 e6 29. Nfd3 Nxd3 30. cxd3 Kf8 31. d4 Kg7 32. Kd3 Rhd8 33. Nxa6 Ra8 34. Nc5 Kg8 35. b4 Be5 36. Nb3 Bxd4 37. Nxd4 e5 38. Kc4 Rxd4+ 39. Kb5 Rd3 40. Rc1 Rxf3 41. Rcc7 Rf2 42. a6 Kg7 43. a7 Kh6 44. Rxf7 Ra2 45. Kb6 Rb2 46. b5 Kg5 47. Rb8 Rxa7 48. Rxa7 Ra2 49. Rxa2 1-0

[Event "Late-Titled-Tuesday-Blitz-April-16-2024"]
[Site "Chess.com"]
[Date "2024.04.16"]
[Round "3"]
[White "Szparu"]
[Black "Tugrik1969"]
[Result "1-0"]
[WhiteElo "2878"]
[BlackElo "2502"]
[TimeControl "180+1"]
[EndTime "14:28:30 PDT"]
[Termination "Szparu won on time"]

1. e4 c5 2. c3 Nf6 3. e5 Nd5 4. d4 cxd4 5. Nf3 d6 6. cxd4 Nc6 7. Bc4 Nb6 8. Bb5 dxe5 9. Nxe5 Bd7 10. Nxd7 Qxd7 11.
Nc3 e6 12. O-O Be7 13. Qg4 Bf6 14. Rd1 a6 15. Bf1 h5 16. Qe4 Nd5 17. Bd2 O-O 18. Be1 g6 19. Rac1 Rad8 20. h4 Bg7 21. g3 Nxc3 22. bxc3 Qd5 23. Bg2 Qxe4 24. Bxe4 Rd7 25. Bd2 Rc8 26. Bg5 Na5 27. Kg2 Nc4 28. Rb1 b5 29. Rb3 e5 30. d5 f5 31. Bf3 e4 32.
Be2 Rc5 33. a4 Kh7 34. axb5 axb5 35. Ra1 Rcxd5 36. Bxc4 bxc4 37. Rb6 Bxc3 38. Raa6 Rg7 39. Rc6 Bd2 40. Bf6 Rf7 41. Rc8 Rxf6 42. Rxf6 c3 43. Rf7+ 1-0

[Event "Late-Titled-Tuesday-Blitz-April-16-2024"]
[Site "Chess.com"]
[Date "2024.04.16"]
[Round "3"]
[White "MFatigue"]
[Black "Gabrielian_Artur"]
[Result "0-1"]
[WhiteElo "2552"]
[BlackElo "2793"]
[TimeControl "180+1"]
[EndTime "14:28:31 PDT"]
[Termination "Gabrielian_Artur won by resignation"]

1. e4 c5 2. a3 g6 3. h4 h5 4.
Nc3 Bg7 5. Bc4 d6 6. d3 Nc6 7.
Nge2 Nf6 8. Bg5 a6 9. Ba2 b5 10. Qd2 Bb7 11. O-O Qd7 12. Ng3 Nd4 13. Rae1 O-O 14.
Nce2 Rac8 15. f4 Ng4 16. f5 Kh7 17. Nf4 c4 18. c3 Nb3 19. Bxb3 cxb3 20. d4 Rc4 21. Qe2 Rg8 22. Ngxh5 gxh5 23. Nxh5 f6 24. Nxg7 Rxg7 25. Qxg4 Kg8 26. Qh5 fxg5 27. hxg5 e5 28.
f6 Qf7 29. Qg4 Bc8 30. Qh4 Rh7 31. Qg3 Qg6 32. dxe5 Rh5 33. f7+ Kf8 34. Rf6 Qxg5 35. Qxg5 Rxg5 36. exd6 Bd7 37. e5 Rcg4 38. Re2 Rg6 39. e6 Rxf6 40. exd7 Rxd6 41. Re8+ Kxf7 42. d8=Q Rxd8 43. Rxd8 Re4 44. Rd6 Re2 45. Rxa6 Rxb2 46. Rb6 Rc2 47. Rxb5 b2 48. a4 Rc1+ 49. Kh2 b1=Q 50.
Rxb1 Rxb1 0-1

[Event "Late-Titled-Tuesday-Blitz-April-16-2024"]
[Site "Chess.com"]
[Date "2024.04.16"]
[Round "3"]
[White "Sjakkerntobi"]
[Black "Allion2017"]
[Result "1-0"]
[WhiteElo "2507"]
[BlackElo "2275"]
[TimeControl "180+1"]
[EndTime "14:28:31 PDT"]
[Termination "Sjakkerntobi won by resignation"]

1. e4 c5 2. Nf3 d6 3. Bb5+ Bd7 4.
Bxd7+ Qxd7 5. O-O Nc6 6. c3 Nf6 7. Re1 e6 8. d4 cxd4 9. cxd4 d5 10. e5 Ne4 11. Nbd2 Nxd2 12. Bxd2 Be7 13. a3 O-O 14. Re3 f6 15. Bc3 f5 16. Ne1 f4 17. Rh3 Rf5 18. Nd3 Raf8 19. Qg4 f3 20. Rxf3 Rxf3 21. gxf3 Rf5 22.
Kh1 Rg5 23. Qh3 Bf8 24. f4 Rf5 25. Rg1 Qf7 26. Rg5 Ne7 27. Rg1 Rh5 28. Qg4 Nf5 29. Nc1 Rh4 30. Qf3 Rh6 31. Ne2 Be7 32. Ng3 Nh4 33. Qd3 Qxf4 34. Bd2 Qf3+ 35. Qxf3 Nxf3 36. Bxh6 Nxg1 37. Kxg1 gxh6 38. Kf1 Bg5 39. a4 Bc1 40. b3 Bb2 41. Ne2 Kf7 42. Kg2 Kg6 43. Kf3 Kf5 44.
h4 b6 45. Ng3+ Kg6 46. Ke3 Bc3 47. f4 Bb4 48. h5+ Kf7 49. f5 Be1 50. fxe6+ Kxe6 51. Ne2 a6 52. Nf4+ Kf5 53. Nxd5 Kg5 54. e6 1-0

[Event "Late-Titled-Tuesday-Blitz-April-16-2024"]
[Site "Chess.com"]
[Date "2024.04.16"]
[Round "3"]
[White "ContrVersia"]
[Black "ural58"]
[Result "1/2-1/2"]
[WhiteElo "2861"]
[BlackElo "2509"]
[TimeControl "180+1"]
[EndTime "14:28:32 PDT"]
[Termination "Game drawn - insufficient material"]

1. Nf3 d5 2. c4 dxc4 3. Na3 c5 4. e4 a6 5. Bxc4 e6 6. d4 b5 7. Be2 Bb7 8. e5 Nc6 9. Nc2 Nge7 10. dxc5 Qxd1+ 11. Bxd1 Ng6 12. b4 Ncxe5 13. Nxe5 Nxe5 14. f3 O-O-O 15. O-O Be7 16. Be2 Bf6 17. Rb1 Nd3 18. Be3 g5 19. g3 h5 20. Rb3 Ne5 21. f4 gxf4 22. Rxf4 Bg5 23. Rf1 Bxe3+ 24. Rxe3 Ng4 25. Rc3 Be4 26. Ne3 f5 27. a4 Rd2 28. Re1 bxa4 29. Nxg4 hxg4 30. Bxa6+ Kc7 31. Re2 Rd1+ 32. Kf2 Bf3 33.
Rec2 Rxh2+ 34. Ke3 Rxc2 35. Rxc2 e5 36. b5 Re1+ 37. Kf2 Rb1 38. Ra2 f4 39. gxf4 exf4 40. Rxa4 Rb2+ 41. Kf1 Be2+ 42. Ke1 f3 43. b6+ Kc6 44.
Bxe2 Rxe2+ 45. Kf1 Kxc5 46. Rxg4 Rb2 47. Rf4 Rxb6 48. Rxf3 Rd6 49. Kg2 Rd5 50. Kg3 Kc6 51.
Kg4 Rd4+ 52. Rf4 Rxf4+ 53. Kxf4 1/2-1/2

[Event "Late-Titled-Tuesday-Blitz-April-16-2024"]
[Site "Chess.com"]
[Date "2024.04.16"]
[Round "3"]
[White "AktilekAskarovich"]
[Black "Vladimir_2020"]
[Result "1/2-1/2"]
[WhiteElo "2496"]
[BlackElo "2755"]
[TimeControl "180+1"]
[EndTime "14:28:32 PDT"]
[Termination "Game drawn - insufficient material"]

1. d4 d5 2. c4 c6 3. Nf3 Nf6 4. Nc3 a6 5. cxd5 cxd5 6. Bf4 Nc6 7.
e3 Bg4 8. Bd3 e6 9. O-O Bd6 10.
h3 Bxf4 11. hxg4 Bd6 12. Nd2 h5 13. g5 Ng4 14. Nf3 Be7 15. e4 Bxg5 16. exd5 exd5 17. Re1+ Be7 18. Qb3 O-O 19. Qxb7 Rc8 20. Bxa6 Rc7 21. Qb6 Bf6 22. Nxd5 Qxd5 23. Qxc7 Nxd4 24. Qf4 Nc2 25. Qd2 Qxd2 26. Nxd2 Nxa1 27. Rxa1 Bxb2 28. Rd1 Rd8 29. Be2 Ne5 30. Nf3 Rxd1+ 31. Bxd1 Nd3 32. Be2 Nc5 33. Nd2 g6 34. Nc4 Bd4 35. Kf1 Ne4 36. f3 Nc3 37. a3 Kg7 38. Bd3 f5 39. Nd6 Kf6 40. Nb5 Nxb5 41.
Bxb5 Bb6 42. a4 h4 43. Be8 g5 44. Bc6 Ke5 45. Bd7 Kf4 46. Bc8 g4 47. fxg4 fxg4 48. Bb7 Kg3 49. Ba8 h3 50. gxh3 gxh3 51. Ke2 h2 52.
Kd3 Ba5 53. Kc4 Kf2 54. Kb5 Be1 55. a5 Bxa5 56. Kxa5 h1=Q 57. Bxh1 1/2-1/2

[Event "Late-Titled-Tuesday-Blitz-April-16-2024"]
[Site "Chess.com"]
[Date "2024.04.16"]
[Round "3"]
[White "TheAlienParty"]
[Black "Mikhail_Golubev"]
[Result "0-1"]
[WhiteElo "2404"]
[BlackElo "2594"]
[TimeControl "180+1"]
[EndTime "14:28:33 PDT"]
[Termination "Mikhail_Golubev won by resignation"]

1. Nf3 d6 2. d4 Nf6 3. c4 g6 4.
g3 Bg7 5. Bg2 O-O 6. O-O c6 7. Nc3 Bf5 8. Qb3 Qc8 9. Nh4 Be6 10.
d5 Bh3 11. Bxh3 Qxh3 12. Qxb7 Nbd7 13. f3 cxd5 14. Nxd5 Nxd5 15. Qxd5 Rac8 16. Rb1 Nb6 17. Qe4 Rxc4 18. Qxe7 Bd4+ 19. e3 Nd5 20. Qe4 Bxe3+ 21.
Qxe3 Nxe3 22. Bxe3 Re8 23. Bxa7 Re2 24. Rf2 Rxf2 25. Bxf2 g5 26. Ng2 Qf5 27. Rd1 Qxf3 28. Rxd6 Rc2 29. Rd8+ Kg7 30. Bd4+ f6 31. Rd7+ Kg6 32.
Ne1 Rc1 33. Bf2 Qe2 34. a4 Rxe1+ 35. Bxe1 Qxe1+ 36. Kg2 Qe2+ 37. Kg1 Qxb2 38. a5 Qa1+ 39. Kf2 Qxa5 40. Rd3 Qf5+ 41. Ke3 Qh3 42. Rd2 h5 43. Rf2 h4 44. Kf3 hxg3 45. hxg3 f5 46. Rg2 Qg4+ 47.
Kf2 f4 48. gxf4 Qxf4+ 49. Ke2 g4 50. Ke1 Qe4+ 51. Re2 Qh1+ 52. Kf2 Qf3+ 53. Ke1 g3 54. Re6+ Kf7 55. Re2 g2 56. Rf2 g1=R+ 57. Kd2 Qxf2+ 0-1

[Event "Late-Titled-Tuesday-Blitz-April-16-2024"]
[Site "Chess.com"]
[Date "2024.04.16"]
[Round "3"]
[White "Harry_Rakkel"]
[Black "mbojan"]
[Result "0-1"]
[WhiteElo "2713"]
[BlackElo "2973"]
[TimeControl "180+1"]
[EndTime "14:28:35 PDT"]
[Termination "mbojan won on time"]

1. e4 a6 2. d4 e6 3. c3 d5 4. e5 c5 5. Nf3 Bd7 6. h4 Qb6 7. h5 h6 8. a3 cxd4 9. cxd4 Bb5 10. Nc3 Bxf1 11. Kxf1 Nc6 12. b4 Nge7 13. g4 Rc8 14.
Na4 Qa7 15. Be3 Rc7 16. Rc1 Nc8 17. g5 hxg5 18. Nxg5 N8e7 19. Nc5 Nf5 20. Ncxe6 fxe6 21. Nxe6 Rf7 22. Kg2 Qb8 23. Ng5 Qc7 24. Nxf7 Qxf7 25. Qg4 Qe6 26. Kf3 Be7 27. Rhg1 Kd7 28. Ke2 Rf8 29.
Kd3 Nd8 30. Qg6 Nc6 31. Qxe6+ Kxe6 32. Rg6+ Kd7 33. Rcg1 Nd8 34. R6g4 Ne6 35. Rc1 Rh8 36. b5 axb5 37. Rb1 b4 38. axb4 Rxh5 39. b5 Rh3 40. b6 g5 41. Rc1 Bd8 42. Rb1 Kc6 43. Rgg1 Nexd4 44. Rgc1+ Kd7 45. Rc5 Ke6 46. Rc8 Nc6 47.
Rxc6+ bxc6 48. b7 Bc7 0-1